 Dungeon Crawl Stone Soup version 0.28-a0-720-g7be2a05 (webtiles) character file.

Game seed: 9840407176893220716

23 NeededCrab the Skirmisher (level 2, 0/26 HPs)
             Began as a Ghoul Fighter on Oct 24, 2021.
             Was a Follower of Dithmenos.
             Slain by a gnoll (3 damage)
             ... on level 1 of the Dungeon.
             The game lasted 00:04:48 (921 turns).

NeededCrab the Skirmisher (Ghoul Fighter)            Turns: 921, Time: 00:04:48

Health: 0/26       AC:  6    Str: 19    XL:     2   Next: 95%
Magic:  1/1        EV:  9    Int:  3    God:    Dithmenos [*.....]
Gold:   29         SH:  4    Dex:  8    Spells: 1/1 levels left

rFire   . . .      SeeInvis +     - Unarmed
rCold   + . .      Faith    .   b - +0 buckler
rNeg    + + +      Spirit   .   a - +0 scale mail
rPois   ∞          Reflect  .   (no helmet)
rElec   .          Harm     .   (no cloak)
rCorr   .          Rampage  .   (no gloves)
Will    .....                   (no boots)
Stlth   ..........              (no amulet)
HPRegen 0.00/turn               f - ring of see invisible
MPRegen 0.07/turn               (no ring)

@: inhibited regen, wreathed by umbra
A: claws 1, cold resistance 1, negative energy resistance 3, inhibited
regeneration, torment resistance 2
a: Renounce Religion


You were on level 1 of the Dungeon.
You worshipped Dithmenos.
Dithmenos was aware of your devotion.
You visited 1 branch of the dungeon, and saw 2 of its levels.

You collected 29 gold pieces.

Inventory:

Armour
 a - a +0 scale mail (worn)
 b - a +0 buckler (worn)
Jewellery
 f - a ring of see invisible (left claw)
Scrolls
 d - a scroll of enchant weapon {unknown}
 e - a scroll of magic mapping {unknown}
Potions
 c - a potion of might


   Skills:
 + Level 3.5 Fighting
 - Level 2.6 Armour
 * Level 3.1 Shields
 * Level 2.8 Unarmed Combat


You had one spell level left.
You didn't know any spells.
Your spell library was empty.

Dungeon Overview and Level Annotations

Branches:
Dungeon (2/15)

Altars:
Dithmenos

Shops:
D:2 !


Innate Abilities, Weirdness & Mutations

You thrive by killing the living.
You are immune to poison.
You have sharp fingernails.
Your flesh is cold resistant. (rC+)
You are immune to negative energy. (rN+++)
You do not regenerate when monsters are visible.
You are immune to unholy pain and torment.


Message History

The gnoll closely misses you. The gnoll barely misses you.
The gnoll hits you but does no damage.
The gnoll hits you from afar with a +0 spear.
You block the gnoll's attack. x2
You block the gnoll's attack.
You scratch the gnoll.
The gnoll is moderately wounded.
You block the gnoll's attack.
You scratch the gnoll.
The gnoll is severely wounded.
The gnoll hits you from afar with a +0 halberd!
The gnoll hits you with a +0 club.
An adder comes into view.
The gnoll hits the bush but does no damage.
Something hits the bush.
Something hits the bush but does no damage.
You see here a worm corpse.
You barely miss the gnoll.
The gnoll is heavily wounded.
The gnoll hits you with a +0 club. The gnoll hits you with a +0 club.
* * * LOW HITPOINT WARNING * * *
You block the gnoll's attack. You block the gnoll's attack.
There is a stone staircase leading up here.
The gnoll hits you with a +0 club.
* * * LOW HITPOINT WARNING * * *
You climb upwards.
There is a stone staircase leading down here.
There is an open door here.
You scratch the gnoll but do no damage.
The gnoll is heavily wounded.
The gnoll hits you but does no damage.
You scratch the gnoll.
The gnoll is severely wounded.
The gnoll hits you but does no damage.
You barely miss the gnoll.
The gnoll is heavily wounded.
The gnoll hits you with a +0 club.
You die...

#......#### #......#
####+######
#####.......######
#...'...>...'.....
#.###.......######
#.# #.......# #g#
#.......# #@#
#.......# #.#
######### #.# ######
#.# #....########
#.# #.##........#
###.# #.##........#
#...# #.##........#
#.#### ###.........#
#.##.###.####......#


You could see a gnoll.

Vanquished Creatures
  A worm (D:2)
  A dart slug (D:2)
  A giant cockroach (D:2)
  2 goblins (D:1)
  3 hobgoblins (D:1)
  3 quokkas (D:1)
  2 bats (D:1)
  A kobold (D:1)
  2 rats (D:1)
16 creatures vanquished.

Notes
Turn   | Place    | Note
-------+----------+-------------------------------------------
     0 | D:1      | NeededCrab the Ghoul Fighter began the quest for the Orb.
     0 | D:1      | Reached XP level 1. HP: 19/19 MP: 0/0
   100 | D:1      | Reached XP level 2. HP: 26/26 MP: 1/1
   546 | D:1      | Found a faded altar of an unknown god.
   548 | D:1      | Prayed at the altar of an unknown god.
   548 | D:1      | Became a worshipper of Dithmenos the Shadowed
   548 | D:1      | Reached * piety under Dithmenos
   829 | D:2      | Found Xeevif's Distillery.
   921 | D:1      | Slain by a gnoll

Illustrated notes

Levels and vault maps discovered:
D:1:      saegor_arrival_simple_c, layout_basic,
          chequers_ecumenical_altar_twisty
D:2:      layout_basic, serial_forest, infiniplex_forest_clump_small,
          infiniplex_forest_join, infiniplex_forest_straight_2,
          infiniplex_forest_clump_small, serial_shops, shop, shop, shop, shop,
          shop, corner_web_ring

Skill      XL: |  1  2 |
---------------+-------+-----
Shields        | 3 |  3.1
Fighting       | |  3.5
Armour         | |  2.6
Unarmed Combat | |  2.8

Action                   || total
-------------------------++-------
Melee: Unarmed           ||    60
Armor: Scale mail        ||    22
Dodge: Dodged            ||    26
Block: Buckler           ||    14

Table legend: (Time is in decaauts)
 A = Elapsed time spent in this place.
 B = Non-inter-level travel time spent in this place.
 C = Inter-level travel time spent in this place.
 D = Time resting spent in this place.
 E = Time spent auto-exploring this place.
 F = Levels seen in this place.
 G = Mean time per level.
                   A        B        C        D        E       F      G
               +--------+--------+--------+--------+--------+-----+--------+
         Total |    919 |    882 |     37 |      0 |    679 |   2 |  459.5 |
       Dungeon |    919 |    882 |     37 |      0 |    679 |   2 |  459.5 |
               +--------+--------+--------+--------+--------+-----+--------+

Top non-repeatable levels by time:
     D:1: 774 daAuts
     D:2: 144 daAuts
